 Dungeon Crawl Stone Soup version 0.29-a0-541-gaf1fc19f1b (webtiles) character file.

Game seed: 5744344388041323773

295 kae the Firebug (level 5, 0/40 HPs)
             Began as a Demigod Fire Elementalist on June 2, 2022.
             Slain by a worm (6 damage)
             ... on level 4 of the Dungeon.
             The game lasted 00:03:02 (4541 turns).

kae the Firebug (Demigod Fire Elementalist)         Turns: 4541, Time: 00:03:02

Health: 0/40       AC: 13    Str:  9    XL:     5   Next: 86%
Magic:  3/11       EV:  8    Int: 21    God:
Gold:   190        SH:  0    Dex: 14    Spells: 3/9 levels left

rFire   . . .      SeeInvis .   c - +0 whip
rCold   . . .      Faith    .   (no shield)
rNeg    . . .      Spirit   .   e - +5 scale mail
rPois   .          Reflect  .   r - +0 helmet
rElec   .          Harm     .   (no cloak)
rCorr   .          Rampage  .   (no gloves)
Will    .....                   g - +0 pair of boots
Stlth   +.........              (no amulet)
HPRegen 0.13/turn               (no ring)
MPRegen 0.12/turn               (no ring)

@: no status effects
A: high MP 1, forlorn, divine attributes
a: no special abilities


You were on level 4 of the Dungeon.
You visited 1 branch of the dungeon, and saw 4 of its levels.

You collected 190 gold pieces.

Inventory:

Hand Weapons
 c - a +0 whip (weapon)
Armour
 a - a +0 robe
 e - a +5 scale mail (worn)
 g - a +0 pair of boots (worn)
 r - a +0 helmet (worn)
Jewellery
 q - a ring of poison resistance
Scrolls
 d - 6 scrolls of identify {unknown}
 i - a scroll of noise {unknown}
 j - a scroll of immolation {unknown}
 k - 2 scrolls of vulnerability {unknown}
 l - a scroll of fear {unknown}
 m - a scroll of fog {unknown}
 n - a scroll of teleportation {unknown}
 o - a scroll of amnesia {unknown}
Potions
 b - a potion of magic
 f - a potion of heal wounds {unknown}
 h - 2 potions of curing {unknown}
 p - a potion of cancellation {unknown}


   Skills:
 + Level 1.4 Fighting
 + Level 1.4 Armour
 + Level 2.5 Dodging
 - Level 1.7 Stealth
 + Level 2.5 Spellcasting
 * Level 2.8 Conjurations
 * Level 4.0 Fire Magic


You had 3 spell levels left.
You knew the following spells:

 Your Spells              Type           Power      Damage    Failure   Level
a - Foxfire               Conj/Fire      68%        2x1d7     28%         1
b - Scorch                Fire           38%        2d6       32%         2
c - Conjure Flame         Conj/Fire      17%        6-21      63%         3

Your spell library contained the following spells:

 Spells                   Type           Power      Damage    Failure   Level
 Inner Flame              Hex/Fire       11%        N/A       83%         3
 Call Canine Familiar     Summ           2%         N/A       98%         3
 Gell's Gravitas          Tloc           2%         N/A       98%         3
 Lesser Beckoning         Tloc           2%         N/A       98%         3
 Portal Projectile        Hex/Tloc       4%         N/A       98%         3
 Teleport Other           Tloc           2%         N/A       98%         3
 Flame Wave               Conj/Fire      17%        2d6       95%         4
 Leda's Liquefaction      Hex/Erth       1%         N/A       100%        4


Dungeon Overview and Level Annotations

Branches:
Dungeon (4/15)
 Temple: D:4-7


Innate Abilities, Weirdness & Mutations

You have an increased reservoir of magic. (+10% MP)
You shall have no god before yourself.
Your divine heritage dramatically boosts your attributes as you level up.


Message History

You don't have enough magic to cast this spell.
You hit the worm.
The worm is heavily wounded.
The worm barely misses you.
You hit the worm.
The worm is severely wounded.
The worm bites you.
You are too injured to fight recklessly!
You barely miss the worm.
The worm is severely wounded.
The worm is no longer more vulnerable to fire.
The worm bites you but does no damage.
You hit the worm.
The worm is severely wounded.
You are too injured to fight recklessly!
You are too injured to fight recklessly!
You hit the worm but do no damage.
The worm is severely wounded.
The worm bites you!
You hit the worm.
The worm is almost dead.
The worm bites you but does no damage.
You hit the worm but do no damage.
The worm is severely wounded.
You hit the worm but do no damage.
The worm is severely wounded.
The worm bites you.
Your magical contamination has completely faded away.
You hit the worm but do no damage.
The worm is severely wounded.
You barely miss the worm.
The worm is severely wounded.
The worm bites you.
* * * LOW HITPOINT WARNING * * *
You barely miss the worm.
The worm is severely wounded.
The worm bites you!
* * * LOW HITPOINT WARNING * * *
The worm bites you.
You die...

....≈.... ...§..g
..... .o. ###'####
#.#.#..# #.#)g..#
#)###w.# #<# #@.#
#.##)###..######
#......[........
.............######
##############


You could see a worm and a goblin.

Vanquished Creatures
  Sigmund (D:2)
  An orc wizard (D:3)
  Terence (D:2)
  2 adders (D:3)
  10 orcs
  3 ball pythons
  6 endoplasms
  2 giant cockroaches (D:2)
  4 goblins
  10 hobgoblins
  A quokka (D:2)
  3 bats
  3 frilled lizards
  7 kobolds
  2 rats (D:3)
56 creatures vanquished.

Vanquished Creatures (collateral kills)
  2 foxfires (D:2)
2 creatures vanquished.

Vanquished Creatures (others)
  152 foxfires
  20 plants
172 creatures vanquished.

Grand Total: 230 creatures vanquished

Notes
Turn   | Place    | Note
-------+----------+-------------------------------------------
     0 | D:1      | kae the Demigod Fire Elementalist began the quest for the
                  | Orb.
     0 | D:1      | Reached XP level 1. HP: 14/14 MP: 5/5
     7 | D:1      | Noticed an electric eel
    83 | D:1      | Reached skill level 1 in Conjurations
   574 | D:1      | Reached skill level 3 in Fire Magic
   574 | D:1      | Reached XP level 2. HP: 20/20 MP: 4/7
   912 | D:2      | Learned a level 2 spell: Scorch
  1413 | D:2      | Noticed Sigmund
  2111 | D:2      | Killed Sigmund
  2112 | D:2      | Reached skill level 1 in Fighting
  2112 | D:2      | Reached skill level 1 in Armour
  2112 | D:2      | Reached XP level 3. HP: 26/28 MP: 3/9
  2112 | D:2      | Reached XP level 4. HP: 33/35 MP: 3/10
  2112 | D:2      | Reached XP level 5. HP: 37/40 MP: 3/11
  2752 | D:2      | Noticed Terence
  2782 | D:2      | Killed Terence
  3085 | D:2      | Learned a level 3 spell: Conjure Flame
  4441 | D:4      | Reached skill level 4 in Fire Magic
  4541 | D:4      | Slain by a worm

Illustrated notes

Levels and vault maps discovered:
D:1:      arrival_aquarium_a, layout_rooms, basic_ecumenical_altar,
          nrook_mini_vaults, hangedman_glass_teeth, kennysheep_nondescript,
          minmay_misc_feat_tower
D:2:      layout_loops_ring, serial_forest, infiniplex_forest_clump_long,
          infiniplex_forest_lined_corner, infiniplex_forest_straight_2,
          infiniplex_forest_lined_room_2, infiniplex_forest_clump_curved,
          infiniplex_forest_end_1, infiniplex_forest_clump_large,
          infiniplex_forest_clump_diagonal, infiniplex_forest_fountain,
          uniq_terence, uniq_sigmund
D:3:      layout_basic, serial_bayou_ford_a, minmay_diced_spiral
D:4:      layout_loops_ring, serial_shops, nicolae_shop_stone, hex_large,
          kennysheep_generic_room_16, uniq_menkaure, uniq_duvessa

Skill      XL: |  1  2  3  4  5 |
---------------+----------------+-----
Conjurations   | 1 2 |  2.8
Fire Magic     | 3 4 |  4.0
Fighting       | 1 |  1.4
Armour         | 1 |  1.4
Dodging        | 2 |  2.5
Spellcasting   | 2 |  2.5
Stealth        | |  1.7

Action                   |  1- 3 |  4- 6 || total
-------------------------+-------+-------++-------
Melee: Whip              |    21 |    64 ||    85
 Cast: Foxfire           |    45 |    46 ||    91
       Scorch            |       |    18 ||    18
  Use: Scroll            |     1 |       ||     1
Armor: Robe              |     2 |       ||     2
       Scale mail        |    24 |    55 ||    79
Dodge: Dodged            |    21 |    46 ||    67

Table legend: (Time is in decaauts)
 A = Elapsed time spent in this place.
 B = Non-inter-level travel time spent in this place.
 C = Inter-level travel time spent in this place.
 D = Time resting spent in this place.
 E = Time spent auto-exploring this place.
 F = Levels seen in this place.
 G = Mean time per level.
                   A        B        C        D        E       F      G
               +--------+--------+--------+--------+--------+-----+--------+
         Total |   4566 |   4391 |    175 |    602 |   3152 |   4 | 1141.5 |
       Dungeon |   4566 |   4391 |    175 |    602 |   3152 |   4 | 1141.5 |
               +--------+--------+--------+--------+--------+-----+--------+

Top non-repeatable levels by time:
     D:2: 1906 daAuts
     D:3: 1294 daAuts
     D:1: 1223 daAuts
     D:4: 142 daAuts
